 Dungeon Crawl Stone Soup version 0.31.0-11-ge490571c62 (webtiles) character file.

Game seed: 15385946056552051705

4157 Gadfly the Charlatan (level 10, -2/72 (76) HPs)
             Began as a Demonspawn Monk on Jan 27, 2024.
             Slain by a komodo dragon (23 damage)
             ... on level 7 of the Dungeon.
             The game lasted 00:21:42 (10613 turns).

Gadfly the Charlatan (Demonspawn Monk)             Turns: 10613, Time: 00:21:43

HP:   -2/72 (76)    AC:  8    Str: 16    XL:     10   Next: 7%
MP:   10/10         EV: 15    Int: 10    God:
Gold: 454           SH:  4    Dex: 16    Spells: 1/9 levels left

rFire   . .          .
                       - Unarmed
rCold   . . .        b - orb {light}
rNeg    . . .        a - +1 robe
rPois   +            (no helmet)
rElec   .            (no cloak)
rCorr   .            n - +0 pair of gloves
SInv    .            o - +0 pair of boots
Will    .....        (no amulet)
Stlth   +            j - ring of poison resistance
HPRegen 0.32/turn    (no ring)
MPRegen 0.12/turn

%: no passive effects
@: glowing, drained
A: molten scales 2, demonic guardian 2, condensation shield
a: no special abilities


You were on level 7 of the Dungeon.
You visited 2 branches of the dungeon, and saw 9 of its levels.
You also visited: Sewer and Ossuary.

You collected 454 gold pieces.

Inventory:

Hand Weapons
 c - a +2 whip of freezing
 r - a +3 long sword
 x - a +1 war axe of electrocution
Armour
 a - a +1 robe (worn)
 b - an orb of light (worn)
 n - a +0 pair of gloves (worn)
 o - a +0 pair of boots (worn)
Jewellery
 h - a ring of fire
 j - a ring of poison resistance (left hand)
Talismans
 d - a maw talisman
 k - a granite talisman
Scrolls
 g - 7 scrolls of teleportation
 l - 3 scrolls of revelation
 m - a scroll of enchant weapon
 t - a scroll of blinking
 u - 3 scrolls of fear
 y - a scroll of torment
 z - 3 scrolls of fog
Potions
 e - 3 potions of heal wounds
 f - 3 potions of mutation
 i - 3 potions of curing
 p - 3 potions of ambrosia
 q - a potion of resistance
 s - 2 potions of enlightenment
 v - a potion of attraction
 w - a potion of haste


   Skills:
 + Level 5.9 Fighting
 * Level 6.5 Dodging
 * Level 6.5 Unarmed Combat
 + Level 6.6 Evocations
 * Level 6.3 Shapeshifting


You had one spell level left.
You knew the following spells:

 Your Spells              Type           Power      Damage    Failure   Level
a - Apportation           Tloc           0%         N/A       36%         1
b - Summon Small Mammal   Summ           0%         N/A       36%         1
c - Swiftness             Air            0%         N/A       75%         3
d - Passwall              Erth           0%         N/A       75%         3

Your spell library contained the following spells:

 Spells                   Type           Power      Damage    Failure   Level
 Necrotise                Necr           0%         1d4       36%         1
 Sting                    Conj/Alch      0%         1d3       36%         1
 Ensorcelled Hibernation  Hex/Ice        0%         N/A       50%         2
 Sublimation of Blood     Necr           0%         N/A       50%         2
 Gell's Gravitas          Tloc           0%         N/A       75%         3
 Inner Flame              Hex/Fire       0%         N/A       75%         3
 Teleport Other           Tloc           0%         N/A       75%         3
 Cause Fear               Hex            0%         N/A       98%         4
 Petrify                  Alch/Erth      0%         N/A       98%         4
 Alistair's Intoxication  Alch           0%         N/A       100%        5
 Borgnjor's Vile Clutch   Necr/Erth      0%         N/A       100%        5
 Fireball                 Conj/Fire      0%         3d3       100%        5
 Irradiate                Conj/Alch      0%         3d11      100%        5
 Dispersal                Tloc           0%         N/A       100%        6
 Eringya's Noxious Bog    Alch           0%         4d6       100%        6
 Ignition                 Fire           0%         3d3       100%        8
 Dragon's Call            Summ           0%         N/A       100%        9


Dungeon Overview and Level Annotations

Branches:
Dungeon (8/15)             Temple (1/1) D:5           Sewer (visited)
Ossuary (visited)
   Lair: D:8-11

Altars:
Ashenzari
Dithmenos
Gozag
Kikubaaqudgha
Makhleb
Nemelex Xobeh
Trog
Yredelemnul

Shops:
D:6 ::


Innate Abilities, Weirdness & Mutations

You are mostly covered in molten scales. (AC +3)
A demonic guardian rushes to your aid.
A meltable shield of frost defends you. (SH +4)


Message History

Your orange demon stings the komodo dragon.
The komodo dragon looks as sick as possible!
Your orange demon poisons the komodo dragon!
Your orange demon hits the komodo dragon but does no damage.
You climb upwards.
Your summoned ally is left behind.
There is a stone staircase leading down here.
You start resting.
HP restored.
There is a stone staircase leading up here.
You can't go down here!
You climb upwards.
There is a stone staircase leading down here.
You climb downwards.
There is a stone staircase leading up here.
There is a stone staircase leading down here.
You climb downwards.
The komodo dragon barely misses you. The komodo dragon bites you!
There is a stone staircase leading up here.
The kobold throws a stone.
The stone closely misses you. The komodo dragon closely misses you.
You climb upwards.
There is a stone staircase leading down here.
You hit the komodo dragon.
The komodo dragon is lightly wounded.
You hit the komodo dragon but do no damage.
The komodo dragon is lightly wounded.
The komodo dragon misses you.
You hit the komodo dragon but do no damage.
The komodo dragon is lightly wounded.
The komodo dragon bites you!!
A demonic guardian appears!
You hit the komodo dragon but do no damage.
The komodo dragon is lightly wounded.
The komodo dragon bites you!!
* * * LOW HITPOINT WARNING * * *
You hit the komodo dragon.
The komodo dragon is lightly wounded.
Your orange demon stings the komodo dragon.
Your orange demon hits the komodo dragon but does no damage.
The komodo dragon bites you!!
You die...

#.###...##>#.....##
..##..####(.......##
.....## #.........#
###### #.........#
#.........#
#.........#
##########.........#
......).......4<...#
##......##.....l@..#
........##.........#
..##.#####...(.....#
#..#.# #.........#
##.#.# ##.......##
...#.### ##.....##
.......# #######
.....#.##########
................##


You could see a komodo dragon (ally target) and a friendly orange demon
(summoned).

Vanquished Creatures
  Pikel (D:4)
  Grinder (D:3)
  2 water moccasins (D:7)
  An ice beast (D:6)
  An orc warrior (D:7)
  3 ogres
  2 sky beasts
  A centaur (D:6)
  A phantom (D:4)
  2 lemures (D:3)
  2 kobold brigands
  The ghost of puppykicker the Grave Robber, an amateur VSNe (D:3)
  3 bullfrogs
  3 elf zombies (Ossuary)
  2 scorpions
  5 centaur zombies (Ossuary)
  2 human zombies (Ossuary)
  2 gnoll boudas (D:6)
  10 orc priests
  5 bombardier beetles
  2 hounds
  2 sleepcaps
  3 jellies
  6 iguanas
  Natasha (thrice) (D:2 D:1)
  6 orc wizards
  A crocodile zombie (Ossuary)
  3 mummies (Ossuary)
  6 gnolls
  15 adders
  2 river rats (Sewer)
  A white imp (D:7)
  2 ufetubi (D:5)
  4 dart slugs
  2 ribbon worms (D:3)
  29 orcs
  9 endoplasms
  10 giant cockroaches
  9 goblins
  4 hobgoblins
  2 jackals (Sewer)
  5 quokkas
  11 ball pythons
  8 bats
  9 frilled lizards
  11 kobolds
  13 rats
228 creatures vanquished.

Vanquished Creatures (collateral kills)
  2 gnolls (D:6)
  2 orcs
4 creatures vanquished.

Grand Total: 232 creatures vanquished

Notes
Turn   | Place    | Note
-------+----------+-------------------------------------------
     0 | D:1      | Gadfly the Demonspawn Monk began the quest for the Orb.
     0 | D:1      | Reached XP level 1. HP: 18/18 MP: 1/1
    96 | D:1      | Found a faded altar of an unknown god.
   146 | D:1      | Reached skill level 1 in Evocations
   146 | D:1      | Gained mutation: You are partially covered in molten
                  | scales. (AC +2) [demonic ancestry]
   146 | D:1      | Reached XP level 2. HP: 22/24 MP: 2/2
   280 | D:1      | Reached skill level 1 in Shapeshifting
   356 | D:1      | Reached XP level 3. HP: 16/29 MP: 3/3
   956 | D:2      | Noticed Natasha
   964 | D:2      | Killed Natasha
  1000 | D:2      | Reached XP level 4. HP: 30/35 MP: 4/4
  1101 | D:2      | Noticed Natasha
  1214 | D:1      | Killed Natasha
  1671 | D:1      | Noticed Natasha
  1689 | D:1      | Killed Natasha
  1690 | D:1      | Reached XP level 5. HP: 16/41 MP: 5/5
  1868 | D:2      | Learned a level 1 spell: Apportation
  2274 | D:3      | Found a broken altar of Ashenzari.
  2474 | D:3      | Learned a level 1 spell: Summon Small Mammal
  2580 | D:3      | Gained mutation: You are mostly covered in molten scales.
                  | (AC +3) [demonic ancestry]
  2580 | D:3      | Reached XP level 6. HP: 36/47 MP: 6/6
  2632 | D:3      | Noticed Grinder
  2663 | D:3      | Killed Grinder
  2900 | D:3      | Found a large runed translucent door.
  2900 | D:3      | Found a large runed translucent door.
  2904 | D:3      | Noticed puppykicker's ghost (amateur VSNe)
  3199 | D:3      | Killed puppykicker's ghost
  3200 | D:3      | Reached XP level 7. HP: 17/53 MP: 7/7
  3537 | D:4      | Found a sand-covered staircase.
  3559 | Ossuary  | Entered an ossuary
  4008 | Ossuary  | Gained mutation: A meltable shield of frost defends you.
                  | (SH +4) [demonic ancestry]
  4008 | Ossuary  | Reached XP level 8. HP: 52/60 MP: 8/8
  4037 | Ossuary  | Reached skill level 5 in Evocations
  4318 | D:5      | Entered Level 5 of the Dungeon
  4676 | D:5      | Found a glowing drain.
  4717 | Sewer    | Entered a sewer
  5592 | D:5      | Found a staircase to the Ecumenical Temple.
  5602 | Temple   | Found a transporter.
  5602 | Temple   | Found a transporter.
  5602 | Temple   | Found a transporter.
  5602 | Temple   | Found a transporter.
  5602 | Temple   | Entered the Ecumenical Temple
  6080 | D:4      | Noticed Pikel
  6366 | D:4      | HP: 2/59 [Pikel/+2 whip of freezing (3)]
  6368 | D:4      | Killed Pikel
  6369 | D:4      | Reached skill level 5 in Fighting
  6369 | D:4      | Reached skill level 5 in Dodging
  6369 | D:4      | Reached skill level 5 in Unarmed Combat
  6369 | D:4      | Reached skill level 5 in Shapeshifting
  6369 | D:4      | Gained mutation: A weak demonic guardian rushes to your
                  | aid. [demonic ancestry]
  6369 | D:4      | Reached XP level 9. HP: 24/68 MP: 9/9
  7841 | D:6      | Found Isi Soju's Book Emporium.
  8178 | D:6      | Found Sischeont's Self-Published Books.
  9100 | D:7      | Learned a level 3 spell: Swiftness
  9104 | D:7      | Learned a level 3 spell: Passwall
  9493 | D:7      | Found a shadowy altar of Dithmenos.
  9959 | D:7      | Found a sparkling altar of Nemelex Xobeh.
  9960 | D:7      | Found an opulent altar of Gozag.
 10007 | D:7      | Gained mutation: A demonic guardian rushes to your aid.
                  | [demonic ancestry]
 10007 | D:7      | Reached XP level 10. HP: 45/76 MP: 10/10
 10309 | D:8      | Noticed a fire crab
 10374 | D:8      | HP: 2/72 [komodo dragon (15)]
 10613 | D:7      | Slain by a komodo dragon

Illustrated notes

Levels and vault maps discovered:
D:1:      zelgadis_glass_arrival_small, layout_basic, basic_ecumenical_altar
D:2:      layout_rooms, palyth_stone_intersect, uniq_natasha
D:3:      layout_loops_ring, ashenzari_conservatory_becter,
          ebering_ghost_disaster_area, corexii_item_surrounded_by_moat,
          uniq_grinder
D:4:      layout_rooms, enter_ossuary_1, grunt_decor_cap,
          minmay_fractal_squares_5, uniq_pikel
D:5:      layout_rooms, minmay_temple_entry_sparse_star, gup_sewer_entry_glass
D:6:      layout_cave_pools, serial_shops, nicolae_shop_tiny_waterfront,
          nicolae_custom_books
D:7:      layout_rooms, grunt_temple_overflow_opulence, lemuel_crystal_altar
D:8:      layout_basic, mainiacjoe_overflow_surrounded_room, tgw_sif,
          xom_shifter_show, minmay_lair_entry_lava, kennysheep_generic_room_3,
          uniq_maggie, uniq_maurice, uniq_grum
Temple:   hellmonk_temple_divided_pantheon

Skill      XL: |  1  2  3  4  5  6  7  8  9 |
---------------+----------------------------+-----
Evocations     | 1 2 3 4 5 6 |  6.6
Shapeshifting  | 1 2 3 4 5 6 |  6.3
Dodging        | 3 4 5 6 |  6.5
Unarmed Combat | 3 4 5 6 |  6.5
Fighting       | 4 5 |  5.9

Action                     |  1- 3 |  4- 6 |  7- 9 | 10-12 || total
---------------------------+-------+-------+-------+-------++-------
  Melee: Unarmed           |   112 |   235 |   971 |    48 ||  1366
    Use: Scroll            |     4 |     4 |    11 |       ||    19
         Potion            |     1 |     3 |     8 |       ||    12
 Armour: Robe              |    47 |   144 |   560 |    39 ||   790
         Skin              |       |    13 |    33 |       ||    46
  Dodge: Dodged            |    75 |   156 |   717 |    40 ||   988
         Form:             |     1 |       |       |       ||     1
         Statue            |     1 |       |       |       ||     1
